 Dungeon Crawl Stone Soup version 0.31-a0-1071-gaead2f62b1 (webtiles) character file.

Game seed: 3560125788182478788

1658451 nucleargodhead the Axe Maniac (level 26, 210/212 HPs)
             Began as a Minotaur Berserker on Nov 22, 2023.
             Was a High Priest of Trog.
             Escaped with the Orb
             ... and 3 runes on Nov 26, 2023!
             The game lasted 04:18:56 (71006 turns).

nucleargodhead the Axe Maniac (Minotaur Berserker) Turns: 71006, Time: 04:18:57

Health: 210/212    AC: 49    Str: 37    XL:     26   Next: 63%
Magic:  17/17      EV: 21    Int:  4    God:    Trog [*****.]
Gold:   4946       SH:  0    Dex: 16    Spells: 25/25 levels left

rFire   + . .        I - +12 executioner's axe of Killer Bee's Curse {flame, rPois Str+4}
rCold   + + +        (shield currently unavailable)
rNeg    + + .        y - +13 crystal plate armour {rC+}
rPois   +            P - +0 hat "Ucoaxyp" {Dex+3 SInv}
rElec   .            E - scarf {rC+ rF+}
rCorr   .            s - +0 pair of gloves "Fyruotuo" {Rampage}
SInv    +            A - +1 pair of boots {Fly}
Will    +....        t - amulet of regeneration Stlth
                     g - ring of Iklelaus {rPois rN+ Dex+4}
HPRegen 0.00/turn    Z - ring "Gumaes Ugats" {rF+ rC+ rN+}
MPRegen 0.15/turn

%: rampage
@: flying, inhibited regen, hasted (expiring), very quick
A: horns 2, retaliatory headbutt, frail 2, low MP 2, inhibited regeneration,
teleportitis 1, weak 1, heat vulnerability 1, subdued magic 1, inability to read
after injury 2
0: Orb of Zot
}: 3/15 runes: decaying, silver, gossamer
a: Renounce Religion, Berserk, Trog's Hand, Brothers in Arms


You escaped.
You worshipped Trog.
Trog was extremely pleased with you.
You visited 9 branches of the dungeon, and saw 47 of its levels.
You visited the Abyss 1 time.
You also visited: Gauntlet, Ice Cave and Wizlab.

You collected 8592 gold pieces.
You spent 3646 gold pieces at shops.

Inventory:

Hand Weapons
 b - the +7 executioner's axe of Purpose {flame, Contam rN++ Will+++ Dex-2}
   (Trog gifted it to you on level 3 of the Elven Halls)

   Dex-2:     It affects your dexterity (-2).
   rN++:      It greatly protects you from negative energy.
   Will+++:   It greatly increases your willpower.
   Contam:    It causes magical contamination when unequipped.
 m - a +9 antimagic executioner's axe
 I - the +12 executioner's axe of Killer Bee's Curse (weapon) {flame, rPois Str+4}
   (Trog gifted it to you on level 1 of the Elven Halls)

   Str+4:     It affects your strength (+4).
   rPois:     It protects you from poison
 X - the +8 frozen axe "Frostbite" {freeze, freezing cloud, *Noise Fly rC+}
   (Trog gifted it to you on level 2 of the Vaults)

   rC+:       It protects you from cold.
   Fly:       It grants you flight.
   *Noise:    It may make a loud noise when swung.
Missiles
 C - a throwing net
Armour
 s - the +0 pair of gloves "Fyruotuo" (worn) {Rampage}
   (You acquired it on level 2 of the Elven Halls)

   Rampage:   It bestows one free step when moving towards enemies.
 w - the +2 buckler of Maen {rF+ rN+ Str+5}
   (You found it on level 13 of the Dungeon)

   Str+5:     It affects your strength (+5).
   rF+:       It protects you from fire.
   rN+:       It protects you from negative energy.
 y - a +13 crystal plate armour of cold resistance (worn)
 A - a +1 pair of boots of flying (worn)
 E - a scarf of resistance (worn)
 P - the +0 hat "Ucoaxyp" (worn) {Dex+3 SInv}
   (You found it in a Gauntlet)

   Dex+3:     It affects your dexterity (+3).
   SInv:      It lets you see invisible.
Jewellery
 a - a +4 ring of slaying
 c - the ring "Gudwyc" {rElec rF+ rN+ Str+4}
   (You took it off a deep elf death mage on level 3 of the Elven Halls)

   [ring of positive energy]

   Str+4:     It affects your strength (+4).
   rF+:       It protects you from fire.
   rElec:     It insulates you from electricity.
   rN+:       It protects you from negative energy.
 g - the ring of Iklelaus (left hand) {rPois rN+ Dex+4}
   (You bought it in a shop on level 2 of the Orcish Mines)

   [ring of positive energy]

   Dex+4:     It affects your dexterity (+4).
   rPois:     It protects you from poison rN+: It protects you from negative
   energy.
 p - a ring of willpower
 t - an amulet of regeneration (around neck)
 B - a +5 ring of evasion
 G - the ring "Betaffya" {Ice Slay+4}
   (You found it on level 3 of the Depths)

   [ring of ice]

   Ice:       It enhances your ice magic.
   Slay+4:    It affects your accuracy & damage with ranged weapons and melee
   (+4).
   rF-:       It makes you vulnerable to fire.
   rC+:       It protects you from cold.
 H - the ring of Vampiric Thralls {Fly rN+++ Int-4 Dex-3 SInv}
   (You found it on level 3 of the Depths)

   [ring of flight]

   Int-4:     It affects your intelligence (-4).
   Dex-3:     It affects your dexterity (-3).
   rN+++:     It renders you almost immune to negative energy.
   SInv:      It lets you see invisible.
   Fly:       It grants you flight.
 K - the ring of the Holding Gods {Wiz rElec rF- Will++ Slay+2}
   (You found it on level 3 of the Elven Halls)

   [ring of wizardry]

   Wiz:       It improves your spell success rate.
   Slay+2:    It affects your accuracy & damage with ranged weapons and melee
   (+2).
   rF-:       It makes you vulnerable to fire.
   rElec:     It insulates you from electricity.
   Will++:    It greatly increases your willpower.
 M - a ring of resist corrosion
 N - the ring "Jaenn" {rF++ rC+}
   (You took it off a deep elf death mage on level 3 of the Elven Halls)

   [ring of protection from cold]

   rF++:      It greatly protects you from fire.
   rC+:       It protects you from cold.
 R - the ring "Nakuuf" {MP+9 Slay+2}
   (You found it on level 4 of the Depths)

   [ring of magical power]

   Slay+2:    It affects your accuracy & damage with ranged weapons and melee
   (+2).
   MP+9:      It affects your magic capacity (+9).
 Z - the ring "Gumaes Ugats" (right hand) {rF+ rC+ rN+}
   (You found it on level 5 of the Lair of Beasts)

   [ring of protection from cold]

   rF+:       It protects you from fire.
   rC+:       It protects you from cold.
   rN+:       It protects you from negative energy.
Wands
 i - a wand of mindburst (4)
 L - a wand of roots (68)
 U - a wand of digging (8)
 W - a wand of paralysis (15)
Scrolls
 d - 11 scrolls of poison
 e - 28 scrolls of teleportation
 f - 7 scrolls of vulnerability
 h - 3 scrolls of enchant weapon
 l - 35 scrolls of identify
 n - a scroll of silence
 o - 4 scrolls of blinking
 q - 2 scrolls of fear
 F - 2 scrolls of brand weapon
 Q - 2 scrolls of butterflies
 S - 7 scrolls of immolation
 T - 9 scrolls of fog
Potions
 j - 4 potions of attraction
 k - 16 potions of curing
 r - 13 potions of enlightenment
 u - 12 potions of resistance
 v - 15 potions of ambrosia
 x - 14 potions of might
 z - 3 potions of haste
 J - 9 potions of invisibility
 O - 3 potions of cancellation
 V - 3 potions of magic
 Y - 7 potions of heal wounds


   Skills:
 O Level 27 Fighting
 O Level 27 Axes
 + Level 15.1 Throwing
 O Level 27 Armour
 O Level 27 Dodging
 - Level 6.0 Evocations


You had 25 spell levels left.
You didn't know any spells.
Your spell library was empty.

Dungeon Overview and Level Annotations

Branches:
Dungeon (15/15)            Temple (0/1) D:7            Lair (5/5) D:11
  Swamp (4/4) Lair:2       Spider (4/4) Lair:3        Slime (0/5) Lair:4
    Orc (2/2) D:11            Elf (3/3) Orc:2        Vaults (5/5) D:14
  Crypt (0/3) Vaults:2     Depths (4/4) D:15            Zot (5/5) Depths:4
  IceCv (visited)          WizLab (visited)         Gauntlet (visited)

Altars:
Ashenzari
Dithmenos
Hepliaklqana
Kikubaaqudgha
Makhleb
Nemelex Xobeh
Qazlal
Sif Muna
Uskayaw
Vehumet
Yredelemnul
Zin
Lugonu

Shops:
D:11 [(   D:15 (   Orc:2 [*[=   Vaults:1 ([   Vaults:4 *[   Vaults:5 !:[?
Depths:2 :   Depths:4 !=[

Portals:
Hell: Depths:1 Depths:2 Depths:3 Depths:4
Abyss: D:14 Lair:5 Depths:2 Depths:3
Pandemonium: Depths:1 Depths:2 Depths:3
Ziggurat: Depths:2
Trove: D:15 (show slimy rune of Zot)

Annotations:
D:14 2 runed translucent doors


Innate Abilities, Weirdness & Mutations

You have a pair of horns on your head.
You reflexively headbutt those who attack you in melee.
You are very frail. (-20% HP)
Your magical capacity is very low. (-20% MP)
You do not regenerate when monsters are visible.
You are occasionally teleported next to monsters.
You are weak. (Str -2)
You are vulnerable to heat. (rF-)
Your spells are a little easier to cast, but a little less powerful.
You sometimes lose the ability to read scrolls when taking damage.


Message History

The Hell Sentinel gestures at you.
The sphere of damnation explodes!
The damnation engulfs you!!
The damnation engulfs the Hell Sentinel.
The Hell Sentinel completely resists.
You hit the Hell Sentinel.
The Hell Sentinel is severely wounded.
You hit the Hell Sentinel. Your headbutt misses the Hell Sentinel.
The Hell Sentinel is severely wounded.
The Hell Sentinel hits you but does no damage.
The Hell Sentinel misses you.
You slice the Hell Sentinel!! You headbutt the Hell Sentinel!
You kill the Hell Sentinel!
Trog accepts your kill.
Your Throwing skill increases to level 15!
An Orb Guardian comes into view.
The Orb Guardian attacks as it pursues you!
The Orb Guardian completely misses you.
There is a staircase leading out of the dungeon here.
You barely miss the Orb Guardian. You headbutt the Orb Guardian.
The Orb Guardian is lightly wounded.
You open the Orb Guardian like a pillowcase!!!
You burn the Orb Guardian.
The Orb Guardian is almost dead.
The Orb Guardian barely misses you. You furiously retaliate!
You headbutt the Orb Guardian, but do no damage.
A cacodemon and an orange demon come into view.
You hit the Orb Guardian but do no damage.
You headbutt the Orb Guardian.
The Orb Guardian is almost dead.
You slice the orange demon!! You burn the orange demon!
The Orb Guardian hits you but does no damage.
You carve the Orb Guardian like a ham!!!
You burn the Orb Guardian.
You kill the Orb Guardian!
Trog accepts your kill.
You slice the orange demon!! You burn the orange demon.
You kill the orange demon!
Trog accepts your kill.
Your extra speed is starting to run out.
You have escaped!

......####.##########............
.............P........##........)
......####.....P....P.###........
.....)####.P..PP♣..♣.P♣##........
...........P.♣..P.....♣.#........
#####.......P.P...P...♣.........#
#...........2................
#........P.....P....#........
#...........@....♣♣.########.
#......P.P.....P....# ##
#####..♣.........P..#
#.PP♣.P...P.....#########
#.......P......♣#........
##.....♣...♣.♣.##........
##.P..♣..♣.PP###........
##.......♣.## #.....##.
#####...######.....##.


You could see a cacodemon.

Vanquished Creatures
  Tiamat (Zot:4)
  4 ancient liches
  4 dread liches
  9 orbs of fire
  Vv (Zot:3)
  3 Killer Klowns (Zot:5)
  A caustic shrike (Depths:4)
  Saint Roka (Vaults:5)
  Nikola (Swamp:3)
  3 curse toes
  5 golden dragons
  The ghost of ayayaya the Slayer, an adept HOMo of Makhleb (Vaults:2)
  A bone dragon (Depths:4)
  Arachne (Spider:2)
  2 electric golems (Zot:5)
  11 tentacled monstrosities
  Jorgrun (Swamp:1)
  25 Orb Guardians
  A Hell Sentinel (D:1)
  The ghost of strifetoe the Spry, an adept DjEE of Ashenzari (Spider:4)
  3 deep elf master archers (Elf:3)
  A walking earthen tome (Depths:3)
  4 liches
  5 quicksilver dragons
  3 deep elf blademasters (Elf:3)
  7 titans (Vaults:5)
  5 sphinxes
  2 Executioners (Zot:2)
  3 thorn hunters
  2 tentacled starspawn
  Gastronok (Lair:2)
  8 tengu reavers
  9 shadow dragons
  Kirke (Swamp:1)
  9 death cobs
  Donald (Swamp:1)
  3 draconian knights
  15 storm dragons
  Roxanne (Elf:2)
  Aizul (Elf:2)
  6 fire giants
  A fenstrider witch (Swamp:2)
  2 draconian monks (Zot:5)
  3 iron dragons
  8 frost giants
  14 draconian scorchers
  4 balrugs (Zot:2)
  23 vault wardens
  6 draconian shifters
  Louise (Spider:2)
  8 deep elf sorcerers
  A curse skull (Vaults:2)
  4 deep elf elementalists (Elf:3)
  An orc warlord (Vaults:1)
  A draconian stormcaller (Depths:4)
  4 emperor scorpions (Spider:4)
  10 ghost moths
  6 draconian annihilators
  The ghost of Qowilec the Blocker, an adept VSFi of Qazlal (Depths:4)
  2 spriggan defenders (Depths:4)
  A war gargoyle (Vaults:5)
  A ghoul (Swamp:2)
  4 reapers
  16 stone giants
  11 very ugly things
  A formless jellyfish (Vaults:3)
  34 ironbound preservers
  10 ironbound thunderhulks
  2 vampire knights
  7 green draconians
  5 eleionomae
  7 deep elf demonologists
  8 white draconians
  9 spark wasps
  17 dire elephants
  5 deep elf annihilators
  6 yellow draconians
  2 bunyips
  8 red draconians
  6 black draconians
  11 purple draconians
  2 minotaurs
  6 blizzard demons (Zot:2)
  An orange crystal statue (WizLab)
  8 deep elf death magi (Elf:3)
  9 ettins
  13 yaktaur captains
  8 fire dragons
  6 deep elf high priests
  2 shambling mangroves
  5 entropy weavers
  5 rakshasas
  The ghost of wildpjah the Carver, a journeyman TeMo of Dithmenos (D:12)
  14 ice dragons
  3 ogre magi (Vaults:5)
  8 great orbs of eyes
  15 ironbound frosthearts
  A catoblepas (Gauntlet)
  5 spriggan air magi
  27 hydras
  2 ghost crabs
  A caustic shrike simulacrum (IceCv)
  40 vault guards
  4 jorogumos
  7 alligators
  7 boulder beetles
  17 centaur warriors
  25 dancing weapons
  An anaconda (shapeshifter) (Depths:2)
  A death knight (D:15)
  A death scarab (Spider:4)
  A sphinx skeleton (Vaults:1)
  2 death yaks (D:14)
  A boulder beetle (shapeshifter) (Vaults:5)
  3 two-headed ogres (Vaults:5)
  11 deep troll earth magi
  9 deep troll shamans
  A vampire mage (Depths:1)
  8 tengu warriors
  12 demonic crawlers
  4 spriggan berserkers
  2 thrashing horrors (Lair:5)
  A storm dragon zombie (Depths:3)
  Sonja (Lair:1)
  A skyshark (Lair:3)
  15 deep elf knights
  A sun demon (Depths:3)
  4 hell knights (Depths:4)
  A skeletal warrior (D:15)
  Lodul (D:12)
  2 wretched stars
  6 pharaoh ants
  Amaemon (Lair:1)
  7 goliath frogs
  6 spriggan druids
  A sun moth (Spider:4)
  12 orb spiders
  7 iron trolls
  9 bog bodies
  4 glowing orange brains
  75 deep trolls
  A tengu zombie (Depths:3)
  10 swamp dragons
  A shadow demon (Depths:1)
  6 orc knights
  5 harpies
  2 obsidian statues
  16 deep elf archers
  20 ironbound convokers
  8 steelbarb worms
  11 arcanists
  Pikel (D:4)
  6 necromancers
  11 phantasmal warriors
  3 spriggan simulacra (IceCv)
  42 deep elf pyromancers
  9 lindwurms
  An orc sorcerer (Orc:1)
  27 deep elf zephyrmancers
  8 wolf spiders
  2 mana vipers (shapeshifter)
  37 ugly things
  5 manticores
  A fire giant zombie (Depths:3)
  2 will-o-the-wisps (Swamp:2)
  8 large abominations
  Maurice (D:13)
  5 cyclopes
  A frost giant skeleton (Vaults:1)
  36 moths of wrath
  22 vault sentinels
  3 elephants (Lair:5)
  A gargoyle (Gauntlet)
  3 torpor snails
  A smoke demon (Lair:5)
  3 black mambas (Lair:2)
  5 cane toads
  3 unseen horrors
  2 orange demons
  An unseen horror zombie (D:9)
  30 yaktaurs
  3 rime drakes
  2 anaconda simulacra (IceCv)
  A tormentor (Depths:1)
  3 kobold demonologists (Abyss:3)
  An efreet (D:15)
  8 komodo dragons
  8 freezing wraiths
  3 tengu conjurers
  2 ice devils (IceCv)
  A yaktaur skeleton (Vaults:1)
  2 bloated husks
  A merfolk (shapeshifter) (Vaults:5)
  11 tyrant leeches
  24 hornets
  A queen bee (Lair:2)
  A tarantella (shapeshifter) (D:14)
  A polar bear (Lair:5)
  13 trolls
  22 blink frogs
  24 tarantellas
  A raiju (Lair:5)
  6 glass eyes
  A dream sheep (shapeshifter) (Vaults:5)
  2 alligator simulacra (IceCv)
  28 slime creatures
  20 jumping spiders
  A slime creature (shapeshifter) (Vaults:4)
  2 shadows
  4 ynoxinuls
  19 culicivoras
  5 flying skulls (Gauntlet)
  14 spriggans
  2 air elementals
  A yak (shapeshifter) (Elf:1)
  6 wraiths
  21 humans
  11 small abominations
  2 water elementals
  A dire elephant simulacrum (IceCv)
  7 hogs
  3 basilisks
  38 yaks
  A fire elemental (Elf:1)
  2 golden eyes (Abyss:2)
  A chaos spawn (Lair:5)
  A basilisk (shapeshifter) (D:14)
  3 death yak simulacra (D:14)
  6 minotaur simulacra (IceCv)
  9 vampire mosquitoes
  Menkaure (D:7)
  A redback (shapeshifter) (Elf:1)
  58 redbacks
  20 swamp worms
  A warg (Vaults:5)
  4 hydra simulacra (D:14)
  13 water moccasins
  37 orc warriors
  A black bear (D:6)
  11 swamp drakes
  3 ice beasts
  17 ogres
  18 wolves
  16 centaurs
  A lemure (D:4)
  3 phantoms (D:6)
  3 kobold brigands
  14 bullfrogs
  2 gnoll sergeants
  A deep troll simulacrum (IceCv)
  8 scorpions
  A scorpion (shapeshifter) (Vaults:5)
  4 wights (D:9)
  3 elephant simulacra (D:14)
  2 lindwurm simulacra (IceCv)
  24 killer bees
  8 electric eels
  3 howler monkeys
  2 centaur zombies (D:9)
  5 lava snakes (Lair:1)
  2 hounds
  A human zombie (D:9)
  7 jellies
  15 orc priests
  4 gnoll boudas
  An iron imp (Abyss:2)
  2 sleepcaps
  3 starcursed masses (Abyss:2)
  Terence (D:2)
  9 iguanas
  15 orc wizards
  8 hell rats
  A killer bee zombie (D:9)
  3 mummies (D:9)
  21 gnolls
  9 adders
  A shadow imp (D:7)
  3 white imps
  A hell rat simulacrum (D:14)
  A worm (D:4)
  2 dart slugs
  74 orcs
  6 ball pythons
  5 bats
  6 endoplasms
  3 giant cockroaches
  5 goblins
  7 hobgoblins
  7 jackals
  4 quokkas
  8 frilled lizards
  15 kobolds
  5 rats
  4 spectral weapons
  A starspawn tentacle (Abyss:2)
2147 creatures vanquished.

Vanquished Creatures (collateral kills)
  An orb of fire (Zot:5)
1 creature vanquished.

Vanquished Creatures (others)
  An eleionoma (Swamp:3)
  2 deep troll earth magi (Depths:3)
  A shock serpent (shapeshifter) (Depths:3)
  A hell knight (Depths:3)
  A will-o-the-wisp (Swamp:2)
  2 bloated husks (Swamp:2)
  A hornet (Swamp:3)
  A human (Swamp:1)
  An orc (Orc:1)
  8 foxfires (Swamp:2)
  3 starspawn tentacles
22 creatures vanquished.

Grand Total: 2170 creatures vanquished

Notes
Turn   | Place    | Note
-------+----------+-------------------------------------------
     0 | D:1      | nucleargodhead the Minotaur Berserker began the quest for
                  | the Orb.
     0 | D:1      | Reached XP level 1. HP: 19/19 MP: 0/0
    82 | D:1      | Reached XP level 2. HP: 27/27 MP: 1/1
   246 | D:1      | Reached XP level 3. HP: 34/34 MP: 2/2
   469 | D:1      | You fall into a shaft and drop 1 floor!
   569 | D:2      | Reached ** piety under Trog
   721 | D:2      | Noticed Terence
   732 | D:2      | Killed Terence
   733 | D:2      | Reached skill level 5 in Fighting
   733 | D:2      | Reached skill level 5 in Axes
   733 | D:2      | Reached XP level 4. HP: 36/42 MP: 3/3
  1535 | D:3      | Found a hazy altar of Hepliaklqana.
  1552 | D:3      | Reached XP level 5. HP: 49/49 MP: 4/4
  1855 | D:3      | Found a stormy altar of Qazlal.
  2038 | D:4      | Found a shimmering blue altar of Sif Muna.
  2099 | D:4      | Noticed a lemure
  2132 | D:4      | Killed a lemure
  2296 | D:4      | Noticed Pikel
  2299 | D:4      | Noticed a lemure
  2300 | D:4      | Noticed a lemure
  2307 | D:4      | Killed Pikel
  2308 | D:4      | Reached XP level 6. HP: 33/60 MP: 5/5
  2308 | D:4      | Reached XP level 7. HP: 36/66 MP: 6/6
  2959 | D:5      | Entered Level 5 of the Dungeon
  2959 | D:5      | Noticed a yak
  2959 | D:5      | Noticed a yak
  2959 | D:5      | Noticed a yak
  2959 | D:5      | Noticed a yak
  2974 | D:4      | Killed a yak
  3137 | D:4      | Killed a yak
  3138 | D:4      | Reached XP level 8. HP: 26/77 MP: 7/7
  3407 | D:5      | Reached *** piety under Trog
  3708 | D:4      | Reached skill level 10 in Fighting
  3708 | D:4      | Reached skill level 10 in Axes
  4270 | D:6      | Reached XP level 9. HP: 78/85 MP: 8/8
  4281 | D:6      | Reached skill level 5 in Armour
  4584 | D:6      | Reached skill level 5 in Dodging
  5425 | D:6      | Reached **** piety under Trog
  5581 | D:7      | Found a burning altar of Makhleb.
  5660 | D:7      | Noticed Menkaure
  5674 | D:7      | Killed Menkaure
  6379 | D:7      | Found a staircase to the Ecumenical Temple.
  6499 | D:7      | Reached XP level 10. HP: 93/93 MP: 9/9
  6514 | D:8      | Found a radiant altar of Vehumet.
  6563 | D:8      | Found a broken altar of Ashenzari.
  7142 | D:8      | Found a hide-covered altar of Uskayaw.
  7143 | D:8      | Found a sparkling altar of Nemelex Xobeh.
  7445 | D:8      | Reached ***** piety under Trog
  8264 | D:9      | Reached skill level 10 in Armour
  8546 | D:9      | Reached skill level 10 in Dodging
  8914 | D:9      | Reached XP level 11. HP: 99/99 MP: 10/10
  8920 | D:9      | Received a gift from Trog
  8979 | D:9      | Found an ancient bone altar of Kikubaaqudgha.
  9032 | D:9      | Found a basalt altar of Yredelemnul.
  9134 | D:10     | Entered Level 10 of the Dungeon
 10498 | D:11     | Found a staircase to the Lair.
 10532 | D:11     | Noticed a boulder beetle
 10541 | D:11     | Killed a boulder beetle
 10709 | D:11     | Found Xatsuol's Weapon Emporium.
 10709 | D:11     | Found a staircase to the Orcish Mines.
 10709 | D:11     | Found Kuoteki's Armour Emporium.
 11025 | D:11     | Found a shadowy altar of Dithmenos.
 11222 | Lair:3   | Identified the "Buery"
 11222 | Lair:3   | Identified the "Lashrola"
 11222 | Orc:1    | Entered Level 1 of the Orcish Mines
 11377 | D:11     | Received a gift from Trog
 11902 | Orc:2    | Entered Level 2 of the Orcish Mines
 11902 | Orc:2    | Noticed an orc sorcerer
 11913 | Orc:1    | Killed an orc sorcerer
 11914 | Orc:1    | Reached XP level 12. HP: 54/107 MP: 3/11
 12372 | Orc:2    | Noticed a centaur warrior
 12931 | Lair:1   | Entered Level 1 of the Lair of Beasts
 13108 | Lair:1   | Noticed Amaemon
 13120 | Lair:1   | Killed Amaemon
 13932 | Lair:1   | Noticed Sonja
 13938 | Lair:1   | Killed Sonja
 14244 | Lair:2   | Found a staircase to the Swamp.
 15486 | Lair:2   | Noticed Gastronok
 15515 | Lair:2   | Killed Gastronok
 16319 | Lair:3   | Found a hole to the Spider Nest.
 16465 | Lair:3   | Reached XP level 13. HP: 122/122 MP: 4/12
 17542 | Lair:4   | Found a staircase to the Slime Pits.
 17911 | Lair:4   | Found a runed translucent door.
 18125 | Lair:4   | Noticed a minotaur
 18129 | Lair:4   | Killed a minotaur
 18626 | Lair:5   | Entered Level 5 of the Lair of Beasts
 18634 | Lair:5   | Received a gift from Trog
 19019 | Lair:5   | Identified the +6 war axe of the Scorpion {freeze, rN+
                  | rCorr}
 19475 | Lair:5   | Reached skill level 15 in Fighting
 19475 | Lair:5   | Reached skill level 15 in Axes
 20657 | Lair:5   | Received a gift from Trog
 20871 | Lair:5   | Reached XP level 14. HP: 137/137 MP: 13/13
 20889 | Lair:5   | Found a corrupted altar of Lugonu.
 20889 | Lair:5   | Found a one-way gate to the infinite horrors of the Abyss.
 20899 | Lair:5   | Identified the ring "Gumaes Ugats" {rF+ rC+ rN+}
 21967 | Orc:2    | Found a staircase to the Elven Halls.
 22475 | Orc:2    | Found Jaes Xaps's Antique Armour Shop.
 22475 | Orc:2    | Found Cetrebok's General Store.
 22528 | Orc:2    | Found Paasew's Antique Armour Shoppe.
 22530 | Orc:2    | Found Ibbaomn's Jewellery Boutique.
 22754 | Orc:2    | Bought the ring of Iklelaus {rPois rN+ Dex+4} for 594 gold
                  | pieces
 22754 | Orc:2    | Bought a +4 ring of slaying for 1170 gold pieces
 22844 | D:12     | Found a runed translucent door.
 22845 | D:12     | Noticed wildpjah's ghost (journeyman TeMo)
 22873 | D:12     | Killed wildpjah's ghost
 22949 | D:12     | Found a gate leading to a gauntlet.
 22954 | Gauntlet | Entered a Gauntlet
 22954 | Gauntlet | Found a transporter.
 23084 | Gauntlet | Found a transporter.
 23086 | Gauntlet | Found a transporter.
 23096 | Gauntlet | Found a runed translucent gate.
 23097 | Gauntlet | Found a runed translucent gate.
 23097 | Gauntlet | Found a transporter.
 23100 | Gauntlet | Found a transporter.
 23103 | Gauntlet | Found a runed translucent gate.
 23104 | Gauntlet | Found a runed translucent door.
 23104 | Gauntlet | Found a runed translucent door.
 23109 | Gauntlet | Found a transporter.
 23125 | Gauntlet | Found a transporter.
 23126 | Gauntlet | Noticed a cacodemon
 23136 | Gauntlet | Found a transporter.
 23147 | Gauntlet | Found a transporter.
 23151 | Gauntlet | Found a runed translucent door.
 23167 | Gauntlet | Found a transporter.
 23178 | Gauntlet | Found a transporter.
 23221 | Gauntlet | Found a transporter.
 23222 | Gauntlet | Found a transporter.
 23353 | Gauntlet | Found a transporter.
 23390 | Gauntlet | Received a gift from Trog
 23394 | Gauntlet | Identified the +0 hat "Ucoaxyp" {Dex+3 SInv}
 23601 | Gauntlet | Identified the amulet "Ytwim" {Reflect rPois SH+5}
 23648 | Gauntlet | Identified the +2 shortbow of Hell's Wrath {flame, rCorr}
 23691 | Gauntlet | Identified the +6 scimitar "Qinyeq" {drain, Stlth+}
 23827 | D:12     | Identified the +7 scale mail of Baldness {*Slow rCorr
                  | Int+4}
 23836 | D:12     | Found a glowing silver altar of Zin.
 23936 | D:12     | Noticed Lodul
 23948 | D:12     | Killed Lodul
 24570 | D:13     | Noticed Maurice
 24580 | D:13     | Killed Maurice
 25057 | D:13     | Identified the +2 buckler of Maen {rF+ rN+ Str+5}
 25511 | D:14     | Identified the +8 dagger "Foep Xirph" {distort, rC+ rN+
                  | Dex+3}
 25511 | D:14     | Identified the +1 robe of the Teacher {rCorr Int+3}
 25941 | D:14     | Found a large runed translucent door.
 25942 | D:14     | Found a large runed translucent door.
 25942 | D:14     | Found a corrupted altar of Lugonu.
 25942 | D:14     | Noticed a cyan very ugly thing
 26085 | D:14     | Received a gift from Trog
 26355 | D:14     | Found a gate to the Vaults.
 26362 | D:14     | Reached XP level 15. HP: 150/150 MP: 4/14
 26900 | D:15     | Entered Level 15 of the Dungeon
 27300 | D:15     | Found Mify's Antique Weapon Boutique.
 27360 | D:15     | Found a portal to a secret trove of treasure.
 27891 | D:15     | Noticed a frost giant
 27893 | D:15     | Found a staircase to the Depths.
 27898 | D:15     | Killed a frost giant
 28198 | Spider:1 | Entered Level 1 of the Spider Nest
 28797 | Spider:1 | Reached ****** piety under Trog
 28800 | Spider:1 | Received a gift from Trog
 29470 | Spider:1 | Identified the +4 morningstar "Kile" {heavy, Will+ Str+3
                  | Dex+2}
 30489 | Spider:2 | Received a gift from Trog
 30579 | Spider:2 | Reached XP level 16. HP: 147/162 MP: 5/15
 30588 | Spider:2 | Reached skill level 15 in Armour
 30744 | Spider:2 | Noticed Arachne
 31343 | Spider:2 | Noticed Louise
 31469 | Spider:2 | Killed Arachne
 31759 | Swamp:1  | Entered Level 1 of the Swamp
 31831 | Swamp:1  | Noticed Kirke
 31856 | Swamp:1  | Killed Kirke
 31889 | Swamp:1  | Found a frozen archway.
 31911 | IceCv    | Entered an ice cave
 32252 | IceCv    | Received a gift from Trog
 32550 | IceCv    | Reached skill level 15 in Dodging
 33152 | Swamp:1  | Noticed Donald
 33165 | Swamp:1  | Killed Donald
 33327 | Swamp:1  | Noticed Jorgrun
 33341 | Swamp:1  | Killed Jorgrun
 33967 | Swamp:2  | Identified the +7 falchion of the Unspeakable One {spect,
                  | Str+3}
 34172 | Swamp:2  | Received a gift from Trog
 34535 | Swamp:2  | Noticed a thorn hunter
 34574 | Swamp:2  | Killed a thorn hunter
 34662 | Swamp:2  | Reached XP level 17. HP: 132/169 MP: 16/16
 35128 | Swamp:3  | Noticed Nikola
 35510 | Spider:2 | Killed Louise
 36061 | Spider:3 | Received a gift from Trog
 36709 | Spider:4 | Entered Level 4 of the Spider Nest
 36786 | Spider:4 | Found a runed translucent gate.
 36787 | Spider:4 | Found a runed translucent gate.
 36789 | Spider:4 | Found a runed translucent gate.
 36789 | Spider:4 | Found the +8 arc blade {discharge, rElec}
 36797 | Spider:4 | Noticed strifetoe's ghost (adept DjEE)
 37528 | Spider:4 | Reached skill level 1 in Evocations
 37878 | Spider:4 | Received a gift from Trog
 37886 | Spider:4 | Reached skill level 5 in Evocations
 37964 | Spider:4 | Got a gossamer rune of Zot
 38480 | Swamp:2  | HP: 8/169 [spore (25)]
 39197 | Swamp:3  | Killed Nikola
 39241 | Swamp:4  | Entered Level 4 of the Swamp
 39504 | Swamp:4  | Reached XP level 18. HP: 160/178 MP: 17/17
 39628 | Swamp:4  | Received a gift from Trog
 39649 | Swamp:4  | Identified the +6 plate armour "Laghoa" {rCorr Dex+2}
 40117 | Swamp:4  | Got a decaying rune of Zot
 40395 | Vaults:1 | Entered Level 1 of the Vaults
 40608 | Vaults:1 | Received a gift from Trog
 40983 | Vaults:1 | Found a magical portal.
 40999 | WizLab   | Entered Wucad Mu's Monastery
 41209 | WizLab   | Found the crystal ball of Wucad Mu {*channel}
 41294 | WizLab   | Reached XP level 19. HP: 190/190 MP: 6/18
 41571 | Vaults:1 | Found Ziot's Antique Armour Shop.
 41591 | Vaults:1 | Found Fibluqoh's Weapon Shop.
 42595 | Vaults:1 | Identified a scroll of acquirement
 42596 | Vaults:1 | Acquired a manual of Axes
 42614 | Vaults:1 | Reached XP level 20. HP: 200/200 MP: 6/19
 43043 | Vaults:2 | Received a gift from Trog
 43256 | Vaults:2 | Found a staircase to the Crypt.
 43675 | Vaults:2 | Found a runed translucent door.
 43675 | Vaults:2 | Noticed ayayaya's ghost (adept HOMo)
 43930 | Vaults:2 | Received a gift from Trog
 43930 | Vaults:2 | Found the +8 frozen axe "Frostbite" {freeze, freezing
                  | cloud, *Noise Fly rC+}
 44232 | Vaults:2 | Killed ayayaya's ghost
 44539 | Vaults:3 | Upgraded the game from 0.31-a0-986-g5e6e4ef867 to
                  | 0.31-a0-1071-gaead2f62b1
 44970 | Vaults:3 | Received a gift from Trog
 45227 | Vaults:3 | Reached XP level 21. HP: 215/215 MP: 6/20
 45589 | Vaults:3 | Received a gift from Trog
 46391 | Vaults:4 | Identified the +3 scale mail of the Hecatoncheires {rF- rC+
                  | Regen+ Str+4}
 46440 | Vaults:4 | Reached skill level 27 in Axes
 46498 | Vaults:4 | Received a gift from Trog
 46561 | Vaults:4 | Gained mutation: Your body sometimes deteriorates upon
                  | taking damage. [a shining eye]
 46567 | Vaults:4 | Lost mutation: Your body sometimes deteriorates upon taking
                  | damage. [potion of mutation]
 46567 | Vaults:4 | Gained mutation: You are weak. (Str -2) [potion of
                  | mutation]
 46567 | Vaults:4 | Gained mutation: You are robust. (+10% HP) [potion of
                  | mutation]
 46615 | Vaults:4 | Found Sopezi's Antique Armour Boutique.
 46762 | Vaults:4 | Found Kab Gahaura's General Store.
 46796 | Vaults:4 | Bought a scroll of teleportation for 69 gold pieces
 46796 | Vaults:4 | Bought a potion of cancellation for 184 gold pieces
 47326 | Spider:4 | Paralysed by a jorogumo for 3 turns
 47402 | Spider:4 | Killed strifetoe's ghost
 47611 | Elf:1    | Entered Level 1 of the Elven Halls
 47741 | Elf:1    | Identified the +12 executioner's axe of Killer Bee's Curse
                  | {flame, rPois Str+4} (Trog gifted it to you on level 1 of
                  | the Elven Halls)
 47741 | Elf:1    | Received a gift from Trog
 48140 | Abyss:2  | Found a corrupted altar of Lugonu.
 48140 | Abyss:2  | Cast into level 2 of the Abyss (+0 morningstar of
                  | distortion)
 48253 | Abyss:2  | Paralysed by accursed screaming for 1 turns
 48409 | Elf:1    | Escaped the Abyss
 48508 | Elf:1    | Reached skill level 27 in Fighting
 48923 | Elf:2    | Noticed Roxanne
 48934 | Elf:2    | Killed Roxanne
 48934 | Elf:2    | Received a gift from Trog
 49000 | Elf:2    | Paralysed by an air elemental for 1 turns
 49063 | Elf:2    | Identified the serpent talisman of Midnight {rC++}
 49063 | Elf:2    | Noticed Aizul
 49077 | Elf:2    | Killed Aizul
 49192 | Elf:2    | Reached XP level 22. HP: 256/256 MP: 7/21
 49678 | Elf:2    | Found a runed translucent gate.
 49679 | Elf:2    | Found a runed translucent gate.
 49679 | Elf:2    | Found a runed translucent gate.
 49796 | Elf:2    | Acquired the +0 pair of gloves "Fyruotuo" {Rampage}
 49973 | Elf:2    | Received a gift from Trog
 50614 | Elf:3    | Entered Level 3 of the Elven Halls
 50710 | Elf:3    | Identified the +5 dagger "Giantbane" {pain, MP+9 Str+5}
 50898 | Elf:3    | Identified the +7 executioner's axe of Purpose {flame,
                  | Contam rN++ Will+++ Dex-2} (Trog gifted it to you on level
                  | 3 of the Elven Halls)
 50898 | Elf:3    | Received a gift from Trog
 51337 | Elf:3    | Identified the amulet "Miqiblo" {Faith rElec}
 51343 | Elf:3    | Received a gift from Trog
 51364 | Elf:3    | Identified the +6 scimitar of the Tent {pain, SInv}
 51395 | Elf:3    | Identified the ring "Gudwyc" {rElec rF+ rN+ Str+4}
 52498 | Elf:3    | Identified the ring "Jaenn" {rF++ rC+}
 52840 | Elf:3    | Identified the ring of the Holding Gods {Wiz rElec rF-
                  | Will++ Slay+2}
 52877 | Elf:3    | Identified the +0 robe of Midwinter {Regen+ Str+2 Int+4}
 52894 | Elf:3    | Identified the +2 dagger of Cudghyop {heavy, Fragile rCorr
                  | Int+5}
 53225 | Depths:1 | Entered Level 1 of the Depths
 53226 | Depths:1 | Found a gateway to Hell.
 53302 | Depths:1 | Received a gift from Trog
 53486 | Depths:1 | Identified the +6 spear of Fortitude {venom, rF+ rC+ Str+3
                  | Dex+3}
 53656 | Depths:1 | Found a one-way gate leading to the halls of Pandemonium.
 53828 | Depths:1 | Found a sparkling altar of Nemelex Xobeh.
 53915 | Depths:2 | Found Fessip's Book Shop.
 53945 | Depths:2 | Noticed a golden dragon
 53960 | Depths:2 | Killed a golden dragon
 54134 | Depths:2 | Reached XP level 23. HP: 239/264 MP: 7/22
 54228 | Depths:2 | Found a one-way gateway to a ziggurat.
 54709 | Depths:2 | Received a gift from Trog
 55039 | Depths:3 | Found a transporter.
 55634 | Depths:3 | Found a transporter.
 56039 | Depths:3 | Identified the +9 mace "Liugrid" {freeze, rF++ rN+ Will-}
 56042 | Depths:3 | Identified the ring "Betaffya" {Ice Slay+4}
 56060 | Depths:3 | Identified the ring of Vampiric Thralls {Fly rN+++ Int-4
                  | Dex-3 SInv}
 56174 | Depths:4 | Entered Level 4 of the Depths
 56420 | Depths:4 | Found a transporter.
 56424 | Depths:4 | Noticed Qowilec's ghost (adept VSFi)
 56424 | Depths:4 | Noticed a caustic shrike
 56484 | Depths:4 | Received a gift from Trog
 56627 | Depths:4 | Found Itourem's Armour Shoppe.
 56630 | Depths:4 | Found Bubikeg's Jewellery Emporium.
 56632 | Depths:4 | Found Xeifeq's Distillery.
 56640 | Depths:4 | Bought a potion of curing for 45 gold pieces
 56640 | Depths:4 | Bought a potion of curing for 45 gold pieces
 56640 | Depths:4 | Bought a potion of curing for 45 gold pieces
 56640 | Depths:4 | Bought a potion of heal wounds for 75 gold pieces
 56640 | Depths:4 | Bought a potion of heal wounds for 75 gold pieces
 56942 | Depths:4 | Found a gate to the Realm of Zot.
 57119 | Depths:4 | Found a transporter.
 57255 | Depths:4 | Killed a caustic shrike
 57255 | Depths:4 | Received a gift from Trog
 57257 | Depths:4 | Killed Qowilec's ghost
 57275 | Depths:4 | Identified the ring "Nakuuf" {MP+9 Slay+2}
 57276 | Depths:4 | Identified the +0 helmet of Action {SInv}
 57598 | Vaults:5 | Entered Level 5 of the Vaults
 57611 | Vaults:5 | Noticed Saint Roka
 57626 | Vaults:5 | Killed Saint Roka
 57685 | Vaults:5 | Noticed a dread lich
 57689 | Vaults:5 | Paralysed by a dread lich for 2 turns
 57697 | Vaults:5 | Killed a dread lich
 57743 | Vaults:5 | Reached XP level 24. HP: 195/273 MP: 22/22
 58453 | Vaults:5 | Got a silver rune of Zot
 58556 | Vaults:5 | Received a gift from Trog
 58990 | Vaults:5 | Identified the +3 robe of Uminonabb {Drain rPois Slay+6
                  | Stlth-}
 59137 | Vaults:5 | Identified the +8 battleaxe "Sikoqewn" {flame, rF+} (Trog
                  | gifted it to you on level 5 of the Vaults)
 59137 | Vaults:5 | Received a gift from Trog
 59138 | Vaults:5 | Noticed an ancient lich
 59151 | Vaults:5 | Noticed an ancient lich
 59155 | Vaults:5 | Killed an ancient lich
 59163 | Vaults:5 | Killed an ancient lich
 59945 | Vaults:5 | Acquired 832 gold pieces
 60045 | Vaults:5 | Found Vox Faje's Distillery.
 60046 | Vaults:5 | Found Afeol's Magic Scroll Boutique.
 60049 | Vaults:5 | Found Wonoa's Armour Shop.
 60052 | Vaults:5 | Bought a scroll of fog for 64 gold pieces
 60052 | Vaults:5 | Bought a scroll of fog for 64 gold pieces
 60056 | Vaults:5 | Bought a potion of curing for 39 gold pieces
 60056 | Vaults:5 | Bought a potion of might for 52 gold pieces
 60056 | Vaults:5 | Bought a potion of might for 52 gold pieces
 60056 | Vaults:5 | Bought a potion of heal wounds for 65 gold pieces
 60056 | Vaults:5 | Bought a potion of curing for 39 gold pieces
 60056 | Vaults:5 | Found Abucrerph's Book Shop.
 60061 | Vaults:5 | Found Fipagho's Distillery.
 60068 | Vaults:5 | Bought a potion of heal wounds for 95 gold pieces
 60068 | Vaults:5 | Bought a potion of heal wounds for 95 gold pieces
 60068 | Vaults:5 | Bought 2 potions of mutation for 304 gold pieces
 60068 | Vaults:5 | Bought a potion of resistance for 190 gold pieces
 60068 | Vaults:5 | Bought a potion of resistance for 190 gold pieces
 60068 | Vaults:5 | Bought a potion of heal wounds for 95 gold pieces
 60710 | Zot:1    | Entered Level 1 of the Realm of Zot
 60716 | Zot:1    | Received a gift from Trog
 60751 | Zot:1    | You are sucked into a shaft and drop 1 floor!
 61514 | Zot:2    | Reached XP level 25. HP: 279/282 MP: 22/22
 62517 | Zot:2    | Received a gift from Trog
 62518 | Zot:2    | Reached skill level 27 in Armour
 63560 | Zot:3    | Noticed Vv
 63570 | Zot:3    | Killed Vv
 64280 | Zot:4    | Noticed an orb of fire
 64281 | Zot:4    | Gained mutation: Your magical capacity is low. (-10% MP)
                  | [an orb of fire]
 64295 | Zot:4    | Gained mutation: Armour fits poorly on your strangely
                  | shaped body. [an orb of fire]
 64296 | Zot:4    | Killed an orb of fire
 64444 | Zot:3    | Lost mutation: You are robust. (+10% HP) [potion of
                  | mutation]
 64444 | Zot:3    | Lost mutation: Armour fits poorly on your strangely shaped
                  | body. [potion of mutation]
 64444 | Zot:3    | Gained mutation: You sometimes lose your temper in combat.
                  | [potion of mutation]
 64444 | Zot:3    | Lost mutation: Your magical capacity is low. (-10% MP)
                  | [potion of mutation]
 64445 | Zot:3    | Lost mutation: You sometimes lose your temper in combat.
                  | [potion of mutation]
 64445 | Zot:3    | Lost mutation: You are weak. (Str -2) [potion of mutation]
 64445 | Zot:3    | Gained mutation: Your flesh is heat resistant. (rF+)
                  | [potion of mutation]
 64650 | Zot:4    | Found the +4 dragonskin cloak
 64650 | Zot:4    | Noticed Tiamat
 64667 | Zot:4    | Killed Tiamat
 64678 | Zot:4    | Reached skill level 27 in Dodging
 64682 | Zot:4    | Reached skill level 1 in Throwing
 64801 | Zot:5    | Entered Level 5 of the Realm of Zot
 65020 | Zot:5    | Received a gift from Trog
 65087 | Zot:5    | Noticed a Killer Klown
 65097 | Zot:5    | Killed a Killer Klown
 65581 | Zot:5    | Reached skill level 5 in Throwing
 66187 | Zot:5    | Noticed a dread lich
 66187 | Zot:5    | Paralysed by a dread lich for 3 turns
 66202 | Zot:5    | Killed a dread lich
 66273 | Zot:5    | Noticed an orb of fire
 66281 | Zot:5    | Gained mutation: You are frail. (-10% HP) [an orb of fire]
 66286 | Zot:5    | Killed an orb of fire
 66474 | Zot:5    | Reached XP level 26. HP: 239/239 MP: 22/22
 66817 | Zot:5    | Noticed a dread lich
 66838 | Zot:5    | Paralysed by a dread lich for 2 turns
 66848 | Zot:5    | Paralysed by a dread lich for 3 turns
 66853 | Zot:5    | Killed a dread lich
 66863 | Zot:5    | Reached skill level 10 in Throwing
 66999 | Zot:5    | Noticed an orb of fire
 67000 | Zot:5    | Gained mutation: You are weak. (Str -2) [an orb of fire]
 67000 | Zot:5    | Noticed an orb of fire
 67262 | Zot:5    | Gained mutation: You are very frail. (-20% HP) [an orb of
                  | fire]
 67277 | Zot:5    | Killed an orb of fire
 67308 | Zot:4    | Lost mutation: You are very frail. (-20% HP) [potion of
                  | mutation]
 67308 | Zot:4    | Lost mutation: You are frail. (-10% HP) [potion of
                  | mutation]
 67308 | Zot:4    | Gained mutation: Armour fits poorly on your strangely
                  | shaped body. [potion of mutation]
 67308 | Zot:4    | Gained mutation: You have a pair of large horns on your
                  | head. [potion of mutation]
 67308 | Zot:4    | Gained mutation: Your spells are a little harder to cast,
                  | but a little more powerful. [potion of mutation]
 67309 | Zot:4    | Lost mutation: Armour fits poorly on your strangely shaped
                  | body. [potion of mutation]
 67309 | Zot:4    | Lost mutation: Your flesh is heat resistant. (rF+) [potion
                  | of mutation]
 67309 | Zot:4    | Lost mutation: You have a pair of large horns on your head.
                  | [potion of mutation]
 67309 | Zot:4    | Gained mutation: Your flesh is heat resistant. (rF+)
                  | [potion of mutation]
 67417 | Zot:5    | Killed an orb of fire
 67478 | Zot:5    | Noticed an ancient lich
 67502 | Zot:5    | Killed an ancient lich
 67650 | Zot:5    | Noticed an orb of fire
 67652 | Zot:5    | Gained mutation: You are occasionally teleported next to
                  | monsters. [an orb of fire]
 67666 | Zot:5    | Killed an orb of fire
 67681 | Zot:5    | Lost mutation: Your spells are a little harder to cast, but
                  | a little more powerful. [potion of mutation]
 67681 | Zot:5    | Lost mutation: Your flesh is heat resistant. (rF+) [potion
                  | of mutation]
 67681 | Zot:5    | Gained mutation: You occasionally lose the ability to read
                  | scrolls when taking damage. [potion of mutation]
 68094 | Depths:3 | Gained mutation: Your magical capacity is low. (-10% MP)
                  | [mutagenic glow]
 68663 | Zot:5    | Noticed an ancient lich
 68664 | Zot:5    | Noticed an orb of fire
 68674 | Zot:5    | Gained mutation: You are vulnerable to heat. (rF-) [an orb
                  | of fire]
 68674 | Zot:5    | Noticed an orb of fire
 68677 | Zot:5    | Noticed an orb of fire
 68680 | Zot:5    | Noticed a dread lich
 68681 | Zot:5    | Killed an ancient lich
 68683 | Zot:5    | Killed an orb of fire
 68685 | Zot:5    | Noticed an orb of fire
 68685 | Zot:5    | Noticed an orb of fire
 68686 | Zot:5    | Killed an orb of fire
 68688 | Zot:5    | Paralysed by a dread lich for 2 turns
 68692 | Zot:5    | Gained mutation: You are frail. (-10% HP) [an orb of fire]
 68694 | Zot:5    | Gained mutation: Your spells are a little easier to cast,
                  | but a little less powerful. [an orb of fire]
 68695 | Zot:5    | Killed an orb of fire
 68695 | Zot:5    | Killed a dread lich
 68695 | Zot:5    | Received a gift from Trog
 68696 | Zot:5    | HP: 11/239 [Killer Klown/+12 club of pain (1)]
 68849 | Zot:5    | Gained mutation: You do not regenerate when monsters are
                  | visible. [an orb of fire]
 68859 | Zot:5    | Killed an orb of fire
 68969 | Zot:4    | Gained mutation: You are very frail. (-20% HP) [mutagenic
                  | glow]
 68983 | Zot:4    | Gained mutation: Your magical capacity is very low. (-20%
                  | MP) [mutagenic glow]
 70208 | Zot:5    | Gained mutation: You sometimes lose the ability to read
                  | scrolls when taking damage. [an orb of fire]
 70213 | Zot:5    | Killed an orb of fire
 70460 | Zot:5    | Got the Orb of Zot
 70623 | Depths:3 | Noticed Roasolo the pandemonium lord
 70752 | D:10     | Noticed a seraph
 70968 | D:1      | Reached skill level 15 in Throwing
 71006 | D:$      | Escaped with the Orb!

Illustrated notes

Levels and vault maps discovered:
D:1:      wander_arrival_fairy_ring, layout_basic, minmay_misc_feat_chi,
          minmay_ruptured
D:2:      layout_basic, serial_bayou_pond_d, uniq_terence
D:3:      layout_basic, mainiacjoe_overflow_alcove_1,
          nicolae_overflow_crystal_walls, minmay_hedge_maze
D:4:      layout_gridville, mainiacjoe_overflow_cross_hatched, uniq_pikel
D:5:      layout_basic
D:6:      layout_gridville, nzn_random_ring
D:7:      layout_gridville, lemuel_tele_altar, temple_hall, uniq_menkaure
D:8:      layout_loops_corners, vehumet_altar_wand_db, minitemple,
          ashenzari_altar_1, minmay_lizard_king
D:9:      layout_loops_ring, kennysheep_little_box,
          lemuel_mausoleum_altar_kikubaaqudgha, grunt_livestock
D:10:     layout_cave_pods
D:11:     layout_long_grid, dpeg_oklobed_lair, orc_david_3,
          nicolae_dithmenos_the_darkroom
D:12:     layout_rooms, gauntlet_entry_generic, ebering_ghost_inner_flame,
          zin_treasury, uniq_lodul
D:13:     layout_basic, serial_co_window_serial, co_window_paths_b,
          co_window_corner_a, co_window_paths_a, co_window_paths_a,
          co_window_of_opportunity_a, co_window_paths_a, co_window_cross_1,
          co_window_corner_b, co_window_broadway_a, co_window_of_opportunity_b,
          co_window_of_opportunity_b, co_window_corner_b,
          co_window_of_opportunity_b, glass_columns_b, glass_columns_c,
          glass_columns_b, glass_columns_b, glass_columns_a, uniq_maurice
D:14:     due_chaos_kobolds, layout_loops_ring, grunt_vaults_entry_tiered,
          small_statue_intersection, eino_house_with_fridge
D:15:     grunt_enter_depths_snipers, layout_irregular_city, serial_shops, shop,
          enter_trove_1, roderic_lattice_a
Lair:1:   layout_cave_pods, nicolae_lair_liquid_snakes, uniq_amaemon, uniq_sonja
Lair:2:   layout_gridlike, swamp_mist_pool, special_room [special_room_bee],
          chequers_serial_rivers_micro_c, grunt_forest_stairs_basic,
          uniq_gastronok
Lair:3:   layout_concentric_octagons, nicolae_spider_entry_lesser_pyramids,
          infiniplex_staircase_pool
Lair:4:   dreamdust_labyrinth, layout_cave_pods, nicolae_slime_entry_slimehenge
Lair:5:   hellmonk_lair_end_abyssal_woods, layout_long_grid, grunt_megastairs_2,
          serial_bayou_shore_a, lemuel_fruit_tree
Swamp:1:  layout_falls_marsh, portal_ice_cave_entry_pillars_three,
          nicolae_swamp_orc_logging_accident, swamp_pool_1_2,
          nicolae_swamp_baby_hydras, uniq_donald, uniq_jorgrun, uniq_kirke
Swamp:2:  nzn_winding_woodlands_medium [nzn_winding_woodlands_5x5_perimeter,
          nzn_winding_woodlands_5x15_river_crossing,
          nzn_winding_woodlands_5x5_default, nzn_winding_woodlands_hourglass,
          nzn_winding_woodlands_center_pierced_h,
          nzn_winding_woodlands_5x5_cross,
          nzn_winding_woodlands_5x5_closed_star,
          nzn_winding_woodlands_5x15_split_checker,
          nzn_winding_woodlands_5x5_open_star], layout_basic_swamp,
          evilmike_swamp_ruin_rubble_1, swamp_pool_4
Swamp:3:  layout_falls_marsh, hangedman_swamp_ruin_wall, swamp_pool_5,
          infiniplex_staircase_pool_2, nicolae_swamp_decorative_isthmus,
          uniq_nikola
Swamp:4:  swamp_basic_johnstein, layout_basic_swamp, swamp_pool_1_2
Spider:1: layout_spider_delve
Spider:2: layout_cave_pods, einodemon_crawler_minivault, uniq_arachne,
          uniq_louise
Spider:3: layout_spider_delve, nicolae_spider_paper_wasps,
          hangedman_spider_tarantella_strand
Spider:4: spider_rune_water, gammafunk_ghost_split
Orc:1:    layout_caves
Orc:2:    st_orc_rangers, layout_caves
Elf:1:    eino_elf_arrival_customs, layout_loops_ring, minmay_elf_annihilation
Elf:2:    nicolae_elf_blades_crystal_corner, layout_geoelf_diagonals,
          grunt_ministairs_6, nicolae_elf_big_sculpture_3, uniq_aizul,
          uniq_roxanne
Elf:3:    minmay_elf_hall_statues, layout_geoelf_grid
Vaults:1: infiniplex_enter_wizlab_glasses, nicolae_vaults_heart-shaped_vault,
          v_misc_4, nicolae_vaults_taking_the_gang_shopping,
          nicolae_vaults_diamond_1, v_misc_5, nicolae_vaults_hexular_roomagon,
          ontoclasm_vaults_pinch, nicolae_vaults_wine_cellar,
          nicolae_vaults_more_shelving_2, layout_vaults_quadrants, serial_shops,
          shop
Vaults:2: gammafunk_ghost_grave, hangedman_vaults_hat,
          minmay_crypt_entry_simple_corners, hangedman_vaults_nodes,
          nicolae_vaults_variable_pillar_hall, ontoclasm_vaults_shuriken,
          nicolae_vaults_sealed_display, v_misc_32, dpeg_vaults_monster_box,
          v_pattern_5, vaults_room_fancy_cross,
          nicolae_vaults_security_offices_6, nicolae_vaults_angled_halls,
          nicolae_vaults_storage_room_statues, layout_vaults_omnibox
Vaults:3: nicolae_vaults_an_arrangement, v_misc_15,
          nicolae_vaults_closet_pinwheel_6, vaults_mumra_minichess_inversion,
          serial_ice_b, hangedman_vaults_corner_blocks,
          nicolae_vaults_border_crossing, vaults_mumra_minichess,
          vaults_room_semicircle, nicolae_vaults_tetromino_L_1,
          nicolae_vaults_closet_pinwheel_4, nicolae_vaults_tetromino_L_1,
          layout_vaults_omnicross
Vaults:4: grunt_vaults_bifocal, nicolae_vaults_diamond_2, vaults_room_door_hall,
          nicolae_vaults_security_offices_5, grunt_vaults_hallway_long,
          v_misc_29, hangedman_vaults_corner, vaults_room_grid,
          nicolae_vaults_surprise_closet, vaults_room_mumra_shop_pool,
          vaults_standard_mumra_enter_the_diamond, hangedman_vaults_stagger,
          nicolae_vaults_little_squares_5, layout_vaults_maze_bifur,
          serial_shops, nicolae_shop_hallway_plus
Vaults:5: serial_shops, uniq_saint_roka
Depths:1: layout_cave_pools, hell_entry, grunt_pan_entry_spiral,
          nemelex_diamond_rough_becter
Depths:2: minmay_ornate_pinched, layout_gridlike, enter_ziggurat_a,
          grunt_hell_entry_dis_grunt, abyss_entry, pan_entry, serial_shops,
          nicolae_shop_crystal
Depths:3: gammafunk_its_a_trap, layout_gridlike, abyss_entry,
          grunt_pan_entry_sceptre, chequers_serial_rivers_micro_d,
          hangedman_geh_valley, serial_sigils_hangedman_writhe
Depths:4: grunt_zot_entry_bicorn, layout_twisted_cross,
          hangedman_decor_slide_cut, gammafunk_ghost_berserking_beasts,
          hell_entry, minmay_shop_star
Zot:1:    layout_misc_corridors
Zot:2:    regret_index_zot_pan_timeshare, layout_gridlike
Zot:3:    layout_gridville, regret_index_zotdec_onion_hex, uniq_vv
Zot:4:    layout_gridlike, uniq_tiamat
Zot:5:    layout_basic, grunt_ministairs_4, bh_zot_lava_cross, st_stairs_2,
          nicolae_tricolors

Skill      XL: |  1  2  3  4  5  6  7  8  9 10 11 12 13 14 15 16 17 18 19 20 21 22 23 24 25 26 |
---------------+-------------------------------------------------------------------------------+-----
Fighting       | 4 5 7 8 10 13 16 18 19 20 21 22 24 27 | 27.0
Axes           | 4 5 7 8 10 13 16 18 19 20 21 22 26 27 | 27.0
Armour         | 4 8 11 13 14 17 19 21 24 26 27 | 27.0
Dodging        | 4 7 10 12 13 16 17 18 20 22 24 27 | 27.0
Evocations     | 6 |  6.0
Throwing       | 9 15 | 15.1

Action                     |  1- 3 |  4- 6 |  7- 9 | 10-12 | 13-15 | 16-18 | 19-21 | 22-24 | 25-27 || total
---------------------------+-------+-------+-------+-------+-------+-------+-------+-------+-------++-------
  Melee: Hand axe          |    69 |       |       |       |       |       |       |       |       ||    69
         Headbutt          |     8 |     7 |    44 |    89 |   185 |   222 |   290 |   326 |   197 ||  1368
         War axe           |       |    57 |   258 |   209 |   150 |       |       |       |       ||   674
         Punch             |       |     1 |     4 |     6 |       |       |       |       |       ||    11
         Broad axe         |       |       |       |   103 |       |       |       |       |       ||   103
         Executioner's axe |       |       |       |   233 |   725 |  1062 |   917 |  1243 |   583 ||  4763
         Battleaxe         |       |       |       |     5 |       |       |       |       |       ||     5
         Unarmed           |       |       |       |       |       |       |     2 |       |       ||     2
  Throw: Throwing net      |       |       |       |     1 |     2 |       |       |       |       ||     3
 Invoke: Berserk           |     2 |     2 |     3 |     6 |    11 |    11 |     8 |     4 |     9 ||    56
         Trog's Hand       |       |     1 |       |       |     1 |     2 |     6 |     6 |     4 ||    20
         Brothers in Arms  |       |       |       |       |       |     1 |       |       |     1 ||     2
  Evoke: Wand              |       |       |       |     8 |     6 |     8 |     1 |       |    10 ||    33
    Use: Scroll            |       |       |       |    23 |    18 |    21 |     7 |     8 |     4 ||    81
         Potion            |       |       |       |     2 |     2 |     7 |     4 |     3 |    14 ||    32
   Stab: Paralysed         |       |       |       |     2 |       |     3 |       |       |       ||     5
         Held in net/web   |       |       |       |     1 |     1 |       |       |       |       ||     2
         Distracted        |       |       |       |       |     1 |       |       |     1 |       ||     2
 Armour: Animal skin       |    31 |       |       |       |       |       |       |       |       ||    31
         Leather armour    |     7 |       |       |       |       |       |       |       |       ||     7
         Scale mail        |       |    36 |       |       |       |       |       |       |       ||    36
         Chain mail        |       |    13 |   224 |    70 |       |       |       |       |       ||   307
         Quicksilver drago |       |       |       |   525 |   828 |   147 |       |       |       ||  1500
         Crystal plate arm |       |       |       |       |       |  1214 |   640 |  1032 |   490 ||  3376
         Skin              |       |       |       |       |       |       |     1 |       |       ||     1
  Dodge: Dodged            |    33 |    30 |   111 |   576 |   778 |   853 |   389 |   705 |   319 ||  3794
  Block: Kite shield       |       |       |       |       |   104 |       |       |       |       ||   104
         Reflection        |       |       |       |       |    65 |       |       |       |       ||    65
         Other             |       |       |       |       |    64 |       |       |       |       ||    64

Table legend: (Time is in decaauts)
 A = Elapsed time spent in this place.
 B = Non-inter-level travel time spent in this place.
 C = Inter-level travel time spent in this place.
 D = Time resting spent in this place.
 E = Time spent auto-exploring this place.
 F = Levels seen in this place.
 G = Mean time per level.
                   A        B        C        D        E       F      G
               +--------+--------+--------+--------+--------+-----+--------+
         Total |  71172 |  65800 |   5372 |  20201 |  28778 |  52 | 1368.7 |
       Dungeon |  17550 |  15744 |   1806 |   3259 |   9382 |  15 | 1170.0 |
          Lair |   8987 |   8284 |    703 |   2693 |   4037 |   5 | 1797.4 |
         Swamp |   4754 |   4514 |    240 |   1178 |   1603 |   4 | 1188.5 |
   Spider Nest |   6623 |   6051 |    572 |   2027 |   2403 |   4 | 1655.8 |
  Orcish Mines |   3236 |   3018 |    218 |   1455 |   1038 |   2 | 1618.0 |
   Elven Halls |   5138 |   4898 |    240 |   1833 |   1685 |   3 | 1712.7 |
        Vaults |   8974 |   8483 |    491 |   2420 |   3520 |   5 | 1794.8 |
        Depths |   4622 |   3926 |    696 |    424 |   2539 |   4 | 1155.5 |
           Zot |   8902 |   8501 |    401 |   4054 |   2071 |   5 | 1780.4 |
         Abyss |    252 |    252 |      0 |     12 |     63 |   2 |  126.0 |
      Ice Cave |    927 |    927 |      0 |    375 |    126 |   1 |  927.0 |
        Wizlab |    420 |    420 |      0 |     97 |    148 |   1 |  420.0 |
      Gauntlet |    780 |    780 |      0 |    370 |    160 |   1 |  780.0 |
               +--------+--------+--------+--------+--------+-----+--------+

Top non-repeatable levels by time:
   Zot:5: 3965 daAuts
Spider:2: 2476 daAuts
  Lair:5: 2366 daAuts
   Elf:3: 2350 daAuts
Vaults:5: 2204 daAuts
   Orc:1: 2153 daAuts
Vaults:1: 1893 daAuts
   Zot:2: 1861 daAuts
  Lair:1: 1818 daAuts
 Swamp:2: 1800 daAuts
    D:14: 1784 daAuts
     D:4: 1738 daAuts
Vaults:2: 1724 daAuts
  Lair:2: 1708 daAuts
Spider:4: 1675 daAuts
